 Dungeon Crawl Stone Soup version 0.27-a0-906-g0a00ce863d (webtiles) character file.

Game seed: 9349712906541765322

74 JPVeigar the Stinger (level 4, -4/30 HPs)
             Began as a Demonspawn Venom Mage on Apr 6, 2021.
             Killed from afar by Natasha (10 damage)
             ... with a puff of flame
             ... on level 2 of the Dungeon.
             The game lasted 00:04:24 (2248 turns).

JPVeigar the Stinger (Demonspawn Venom Mage)        Turns: 2248, Time: 00:04:25

Health: -4/30      AC:  4    Str:  9    XL:     4   Next: 10%
Magic:  6/8        EV: 17    Int: 17    God:
Gold:   31         SH:  0    Dex: 13    Spells: 3/9 levels left

rFire    . . .     SeeInvis .   h - +0 dagger (venom)
rCold    . . .     Faith    .   (no shield)
rNeg     . . .     Spirit   .   a - +0 robe
rPois    .         Reflect  .   (no helmet)
rElec    .         Harm     .   (no cloak)
rCorr    .         Rampage  .   (no gloves)
Will     .....                  (no boots)
Stlth    ++........             (no amulet)
HPRegen  0.10/turn              (no ring)
MPRegen  0.11/turn              (no ring)

@: agile
A: hooves 1, yellow scales 1, powered by pain 1
a: no special abilities


You were on level 2 of the Dungeon.
You visited 1 branch of the dungeon, and saw 2 of its levels.

You collected 31 gold pieces.

Inventory:

Hand Weapons
 h - a +0 dagger of venom (weapon)
Armour
 a - a +0 robe (worn)
Jewellery
 b - a ring of fire
Scrolls
 c - a scroll of fear {unknown}
 d - 3 scrolls of identify
Potions
 e - 2 potions of haste
 f - a potion of berserk rage {unknown}


   Skills:
 - Level 1.7 Dodging
 - Level 1.7 Stealth
 + Level 3.2 Spellcasting
 - Level 0.8 Transmutations
 + Level 4.1 Poison Magic


You had 3 spell levels left.
You knew the following spells:

 Your Spells              Type           Power      Damage    Failure   Level
a - Sting                 Tmut/Pois      44%        1d5       6%          1
b - Poisonous Vapours     Pois/Air       18%        N/A       11%         2
c - Mephitic Cloud        Conj/Pois/Air  7%         N/A       28%         3

Your spell library contained the following spells:

 Spells                   Type           Power      Damage    Failure   Level
 Ignite Poison            Fire/Tmut/Pois 8%         N/A       26%         3
 Olgreb's Toxic Radiance  Pois           16%        N/A       30%         4


Dungeon Overview and Level Annotations

Branches:
Dungeon (2/15)

Altars:

Annotations:
D:2 Natasha


Innate Abilities, Weirdness & Mutations

You have large cloven feet.
You are partially covered in yellow scales. (AC +2)
You sometimes gain a little power by taking damage.


Message History

Okay, then.
h - a +0 dagger of venom You feel sick.
Okay, then.
Your +0 dagger of venom begins to drip with poison!
h - a +0 dagger of venom (weapon)
Drop what? 8/52 slots (_ for help) (? for menu, Esc to quit)
You drop a +0 dagger.
You feel sick.
You feel sick.
You feel sick.
You feel sick.
You are no longer poisoned.
Magic restored.
Natasha, Servant of Life and Death comes into view.
She is carrying a wand of flame (11).
Casting: Sting (safe; 6% risk of failure)
Confirm with . or Enter, or press ? or * to list all spells.
Aiming: Poisonous Vapours (safe; 11% risk of failure)
Press: ? - help, Dir - move target, f - Natasha
Aim: Natasha, carrying a wand of flame (11) (wandering, hasn't noticed you) Poisonous vapours surround Natasha!
Natasha hisses angrily.
Natasha is engulfed in poison gas.
Natasha is poisoned.
Natasha claws you!
You focus on the pain.
You feel agile all of a sudden.
You are too injured to fight recklessly!
You are too injured to fight recklessly!
You are too injured to fight recklessly!
You are too injured to fight recklessly!
You are too injured to fight recklessly!
You barely miss Natasha.
Natasha is moderately wounded.
Natasha casts a spell at you. The magic dart hits you.
* * * LOW HITPOINT WARNING * * *
You hit Natasha.
Natasha looks even sicker.
Natasha is moderately wounded.
Natasha mumbles some strange words.
Natasha glows brightly for a moment.
Natasha zaps a wand.
The puff of flame hits you!
You die...

... # #.# ..
#.####.###
###.#......
.....##.# ##......#
##.......# #
#...#h#### ...
#...#@###.....
#...#.)†.....#
#...#####.#...
#...# #...#
.########...#####.
.g
..................
.
...................
.##
......†............
..#


You could see Natasha (very poisoned).

Vanquished Creatures
  Natasha (D:2)
  An adder (D:2)
  2 dart slugs (D:1)
  4 endoplasms
  3 giant cockroaches
  4 hobgoblins
  A jackal (D:1)
  2 quokkas
  4 ball pythons
  6 bats
  A frilled lizard (D:2)
  3 goblins (D:1)
  4 kobolds
  2 rats
38 creatures vanquished.

Notes
Turn   | Place    | Note
-------+----------+-------------------------------------------
     0 | D:1      | JPVeigar the Demonspawn Venom Mage began the quest for the
                  | Orb.
     0 | D:1      | Reached XP level 1. HP: 13/13 MP: 3/3
   607 | D:1      | Gained mutation: You are partially covered in yellow
                  | scales. (AC +2) [demonic ancestry]
   607 | D:1      | Reached XP level 2. HP: 19/19 MP: 3/5
   720 | D:1      | Learned a level 2 spell: Poisonous Vapours
  1385 | D:1      | Found a faded altar of an unknown god.
  1455 | D:1      | Gained mutation: You sometimes gain a little power by
                  | taking damage. [demonic ancestry]
  1455 | D:1      | Reached XP level 3. HP: 24/24 MP: 4/7
  1506 | D:1      | Learned a level 3 spell: Mephitic Cloud
  2027 | D:2      | Noticed Natasha
  2030 | D:2      | Killed Natasha
  2031 | D:2      | Reached skill level 4 in Poison Magic
  2031 | D:2      | Gained mutation: You have large cloven feet. [demonic
                  | ancestry]
  2031 | D:2      | Reached XP level 4. HP: 26/30 MP: 1/8
  2244 | D:2      | Noticed Natasha
  2248 | D:2      | Killed from afar by Natasha

Illustrated notes

Levels and vault maps discovered:
D:1:      dpeg_arrival_orchard, layout_rooms, basic_ecumenical_altar,
          corexii_hall_statues_l, minmay_misc_feat_x, minmay_octomino_c4
D:2:      layout_loops_cross, uniq_natasha

Skill      XL: |  1  2  3 |
---------------+----------+-----
Spellcasting   | 3 |  3.2
Poison Magic   | 4 |  4.1
Dodging        | |  1.7
Stealth        | |  1.7
Transmutations | |  0.8

Action                   |  1- 3 |  4- 6 || total
-------------------------+-------+-------++-------
Melee: Unarmed           |    36 |       ||    36
       Dagger            |     9 |    11 ||    20
       Kick              |       |     2 ||     2
 Cast: Sting             |    21 |       ||    21
       Poisonous Vapours |    27 |     2 ||    29
  Use: Scroll            |     1 |       ||     1
Armor: Robe              |    20 |     1 ||    21
Dodge: Dodged            |    42 |     5 ||    47

Table legend: (Time is in decaauts)
 A = Elapsed time spent in this place.
 B = Non-inter-level travel time spent in this place.
 C = Inter-level travel time spent in this place.
 D = Time resting spent in this place.
 E = Time spent auto-exploring this place.
 F = Levels seen in this place.
 G = Mean time per level.
                   A        B        C        D        E       F      G
               +--------+--------+--------+--------+--------+-----+--------+
         Total |   2247 |   2188 |     59 |    833 |   1056 |   2 | 1123.5 |
       Dungeon |   2247 |   2188 |     59 |    833 |   1056 |   2 | 1123.5 |
               +--------+--------+--------+--------+--------+-----+--------+

Top non-repeatable levels by time:
     D:1: 1682 daAuts
     D:2: 565 daAuts
